AoeStats
← Green Assassin

Black Forest

507857317Analyzed
4v4 RM · 11d ago on Sep 20, 2026· 50m 39s· 8 players
Game mode
Random Map
Map size
Large (8 player)
Population
200
Speed
Normal
Resources
Standard
Victory
Conquest
Starting age
Dark Age
Ending age
Imperial Age
RankedLock teamsTeams togetherTeam positionsShared explorationLock speedFull tech treeHidden civsTurbo modeCheats
Victory
Defeat
🇺🇸 Khmer · United States
1237
+13
🇨🇴 Muisca · Colombia
1086
+20
🇦🇷 Bohemians · Argentina
1076
+20
🇦🇺 Byzantines · Australia
1073
+20
🇨🇱 Turks · Chile
1206
-20
🇦🇷 Britons · Argentina
1164
-18
🇩🇪 Teutons · Germany
1163
-18
🇺🇸 Persians · United States
1144
-17
gatuzo
6:35 Loom
9:01 Feudal Age
9:04 Man-at-Arms
10:18 Double-Bit Axe
15:32 Horse Collar
21:15 Castle Age
25:31 Heavy Plow
25:44 Bow Saw
30:31 Wheelbarrow
35:21 Imperial Age
33:41 Hand Cart
34:20 Gold Mining
34:23 Stone Mining
35:57 Masonry
37:38 Two-Man Saw
38:36 Forging
38:32 Scale Barding Armor
39:07 Bloodlines
38:57 Husbandry
39:47 Treadmill Crane
40:30 Conscription
40:16 Artillery
40:58 Iron Casting
40:43 Chain Barding Armor
42:34 Parthian Tactics
42:14 Thumb Ring
42:01 Fletching
43:10 Sipahi
42:55 Heavy Cavalry Archer
Green Assassin
0:30 Loom
12:51 Feudal Age
17:14 Castle Age
15:29 Double-Bit Axe
19:02 Wheelbarrow
20:36 Scale Mail Armor
20:31 Man-at-Arms
21:55 Long Swordsman
21:56 Pikeman
23:37 Squires
31:36 Horse Collar
40:10 Imperial Age
38:08 Chain Mail Armor
38:25 Bow Saw
38:34 Arson
39:03 Forging
39:34 Hand Cart
40:58 Iron Casting
40:55 Onager
41:36 Halberdier
42:45 Siege Engineers
45:23 Plate Mail Armor
45:53 Blast Furnace
47:49 Ballistics
48:29 Chemistry
47:16 Arrowslits
47:21 Guard Tower
47:54 Conscription
emu
1:51 Loom
9:21 Feudal Age
9:59 Double-Bit Axe
17:42 Town Watch
21:03 Castle Age
19:30 Stone Mining
20:58 Fletching
23:55 Bow Saw
23:54 Bodkin Arrow
23:54 Horse Collar
27:35 Padded Archer Armor
32:51 Yeomen
33:31 Leather Archer Armor
33:39 Ballistics
38:26 Imperial Age
36:49 Scale Mail Armor
37:00 Forging
37:43 Squires
38:00 Chain Mail Armor
37:38 Gambesons
37:43 Arson
37:20 Man-at-Arms
37:21 Pikeman
39:13 Bracer
39:44 Ring Archer Armor
39:38 Conscription
40:33 Chemistry
39:29 Gold Mining
39:28 Long Swordsman
40:31 Two-Handed Swordsman
42:45 Plate Mail Armor
42:51 Iron Casting
43:09 Elite Longbowman
47:36 Caravan
ShadedKnight
10:44 Feudal Age
11:52 Fishing Lines
12:21 Double-Bit Axe
17:25 Wheelbarrow
19:54 Castle Age
19:31 Wheelbarrow
21:04 Loom
23:11 Scale Barding Armor
23:17 Forging
23:32 Bloodlines
24:51 Horse Collar
25:43 Bow Saw
27:15 Chain Barding Armor
27:31 Iron Casting
27:24 Gillnets
29:03 Husbandry
29:24 Hand Cart
28:55 Town Watch
30:15 Gold Mining
30:31 Heavy Plow
36:20 Imperial Age
38:13 Blast Furnace
37:49 Plate Barding Armor
37:04 Fletching
37:38 Ballistics
37:14 Murder Holes
38:20 Chemistry
38:05 Caravan
39:02 Conscription
39:20 Hoardings
38:39 Cavalier
45:42 Savar
cherry
13:00 Feudal Age
17:13 Castle Age
15:24 Double-Bit Axe
15:38 Horse Collar
16:03 Gold Mining
20:48 Loom
21:40 Wheelbarrow
20:50 Town Watch
23:03 Heavy Plow
24:26 Hand Cart
24:15 Town Patrol
25:13 Gold Shaft Mining
25:07 Bow Saw
26:30 Stone Mining
27:41 Bloodlines
27:32 Husbandry
27:45 Forging
27:41 Scale Barding Armor
32:16 Imperial Age
31:35 Stone Shaft Mining
32:02 Iron Casting
32:50 Ballistics
34:01 Chain Barding Armor
34:42 Blast Furnace
35:18 Crop Rotation
35:12 Caravan
37:30 Chemistry
36:02 Elite Battle Elephant
36:50 Heavy Scorpion
37:39 Double Crossbow
38:00 Conscription
37:39 Capped Ram
39:24 Plate Barding Armor
39:36 Fletching
39:47 Cavalier
41:15 Masonry
40:54 Siege Ram
42:32 Tusk Swords
42:30 Bodkin Arrow
42:50 Onager
45:19 Bracer
48:04 Siege Engineers
CC182
7:12 Loom
9:29 Feudal Age
25:53 Double-Bit Axe
25:53 Horse Collar
33:22 Castle Age
34:49 Redemption
36:37 Sanctity
36:47 Fervor
44:08 Imperial Age
45:14 Block Printing
50:41 Atonement
51:28 Theocracy
50:54 Herbal Medicine
51:30 Illumination
altrnate15
0:39 Loom
10:04 Feudal Age
10:43 Double-Bit Axe
13:02 Horse Collar
14:57 Gold Mining
19:45 Castle Age
19:47 Scale Barding Armor
20:31 Forging
21:02 Chain Barding Armor
21:24 Bow Saw
25:36 Heavy Plow
30:51 Fortified Wall
30:32 Guard Tower
31:02 Ballistics
30:23 Treadmill Crane
33:57 Wheelbarrow
33:26 Stone Mining
34:42 Ballistics
34:18 Murder Holes
34:48 Fletching
38:08 Stone Shaft Mining
38:26 Hand Cart
39:53 Gold Shaft Mining
39:37 Fervor
44:04 Imperial Age
42:51 Caravan
43:22 Coinage
44:57 Bodkin Arrow
45:02 Padded Archer Armor
46:05 Chemistry
44:50 Arrowslits
45:41 Keep
45:44 Hoardings
45:32 Conscription
45:59 Bracer
47:08 Bombard Tower
49:10 Two-Man Saw
50:19 Scale Mail Armor
50:54 Iron Casting
49:45 Pikeman
50:26 Squires
51:18 Chain Mail Armor
50:30 Halberdier
guilleaacevedo
0:30 Loom
12:17 Feudal Age
13:38 Wheelbarrow
12:49 Double-Bit Axe
12:45 Horse Collar
20:32 Castle Age
19:57 Fletching
21:36 Hand Cart
21:15 Town Watch
23:29 Town Patrol
27:24 Pikeman
28:04 Squires
29:42 Heavy Plow
30:20 Husbandry
31:29 Caravan
32:17 Wagenburg Tactics
36:57 Imperial Age
35:04 Light Cavalry
35:48 Squires
36:07 Forging
36:02 Scale Barding Armor
37:07 Chemistry
36:31 Ballistics
36:23 Masonry
36:09 Murder Holes
38:04 Siege Engineers
37:57 Halberdier
44:20 Elite Hussite Wagon
45:49 Iron Casting
45:14 Scale Mail Armor
45:35 Chain Barding Armor
47:50 Blast Furnace
46:46 Bodkin Arrow
46:51 Padded Archer Armor
Connection lost

Rejoining the realm…

Still unreachable

The connection could not be restored.

Session expired

The server has moved on; the page needs a fresh start.